 Dungeon Crawl Stone Soup version 0.31-a0-1154-gadca813884 (webtiles) character file.

Game seed: 16249448794048599033

172 Dirtsage the Changeling (level 5, -5/35 HPs)
             Began as an Octopode Shapeshifter on Dec 7, 2023.
             Slain by an ogre
             ... wielding a +0 giant spiked club
              (23 damage)
             ... on level 4 of the Dungeon.
             The game lasted 00:03:43 (1932 turns).

Dirtsage the Changeling (Octopode Shapeshifter)     Turns: 1932, Time: 00:03:44

Health: -5/35      AC:  5    Str: 14    XL:     5   Next: 52%
Magic:  5/5        EV: 18    Int: 12    God:
Gold:   131        SH:  0    Dex: 13    Spells: 4/4 levels left

rFire   . .          .
                       - Unarmed
rCold   . . .        (no shield)
rNeg    . . .        (helmet currently unavailable)
rPois   .            (no amulet)
rElec   .            o - +5 ring of evasion
rCorr   .            p - +4 ring of protection
SInv    .            (no ring)
Will    .....        (no ring)
Stlth   ++           (no ring)
HPRegen 0.25/turn    (no ring)
MPRegen 0.09/turn    (no ring)
                     (no ring)

%: no passive effects
@: beast-form
A: beast (slay +2), almost no armour, amphibious, 8 rings, camouflage 1,
gelatinous body 1, (nimble swimmer 1), tentacles
a: Begin Untransformation


You were on level 4 of the Dungeon.
You were a hulking beast.
You visited 1 branch of the dungeon, and saw 4 of its levels.

You collected 131 gold pieces.

Inventory:

Armour
 d - a +0 buckler
Jewellery
 o - a +5 ring of evasion (left tentacle)
 p - a +4 ring of protection (right tentacle)
Talismans
 b - a beast talisman
 c - a flux talisman
 l - a maw talisman
Scrolls
 j - a scroll of enchant weapon {unknown}
 m - a scroll of teleportation {unknown}
Potions
 a - a potion of lignification
 e - a potion of cancellation
 f - 2 potions of enlightenment {unknown}
 g - a potion of ambrosia
 h - 2 potions of degeneration {unknown}
 i - a potion of haste {unknown}
 k - 2 potions of brilliance
 n - a potion of mutation {unknown}


   Skills:
 + Level 2.3 Fighting
 + Level 3.0 Dodging
 + Level 3.7 Unarmed Combat
 * Level 4.2 Shapeshifting


You had 4 spell levels left.
You didn't know any spells.
Your spell library was empty.

Dungeon Overview and Level Annotations

Branches:
Dungeon (4/15)
 Temple: D:4-7

Altars:


Innate Abilities, Weirdness & Mutations

You are a hulking beast.
Your limbs bulge with bestial killing power. (Slay +2)
You cannot wear most types of armour.
You are amphibious.
You can wear up to eight rings at the same time.
Your skin changes colour to match your surroundings (Stealth+).
Your rubbery body absorbs attacks. (AC +1, EV +1)
((You are camouflaged when in or above water. (Stealth+)))
You have tentacles for arms and can constrict up to eight enemies at once.


Message History

You squeeze the scorpion!
The scorpion is severely wounded.
You constrict the scorpion.
The scorpion stings you but does no damage.
You completely miss the scorpion. You squeeze the scorpion.
You kill the scorpion!
Your Dodging skill increases to level 3!
You have reached level 5!
You feel stronger.
Health restored: 35; MP restored: 5 You see here a scorpion corpse.
You see here a +0 club.
You see here a +0 quarterstaff.
An endoplasm comes into view.
The endoplasm quivers.
The endoplasm freezes you.
You are frozen.
You take 5 damage, and have 30/35 hp.
You tentacle-slap the endoplasm.
You kill the endoplasm!
No target in view!
You see here a +0 chain mail.
Done exploring.
Health restored: 35 Done exploring.
There is a stone staircase leading down here.
You climb downwards.
There is a stone staircase leading up here.
The helpless ogre fails to defend itself.
You tentacle-slap the ogre.
The ogre is lightly wounded.
The ogre hits you with a +0 giant spiked club!
You take 17 damage, and have 18/35 hp.
MASSIVE DAMAGE!!
You bludgeon the ogre!
Your tentacle-slap misses the ogre.
The ogre is moderately wounded.
You tentacle-slap the ogre.
The ogre is moderately wounded.
The ogre hits you with a +0 giant spiked club!!
Ouch! That really hurt!
You die...

#####
#####.O.#
.......h#
#####...#
##.## #.
.. #.#
... .#.#


You could see an ogre.

Vanquished Creatures
  A scorpion (D:3)
  2 orc priests (D:2)
  An adder (D:3)
  A worm (D:2)
  2 dart slugs
  2 orcs
  2 endoplasms
  3 giant cockroaches
  6 goblins
  5 hobgoblins
  2 quokkas
  2 ball pythons (D:1)
  5 bats
  A frilled lizard (D:1)
  3 kobolds
  5 rats
43 creatures vanquished.

Notes
Turn   | Place    | Note
-------+----------+-------------------------------------------
     0 | D:1      | Dirtsage the Octopode Shapeshifter began the quest for the
                  | Orb.
     0 | D:1      | Reached XP level 1. HP: 13/13 MP: 1/1
   151 | D:1      | Reached XP level 2. HP: 4/18 MP: 2/2
   684 | D:2      | Reached XP level 3. HP: 18/23 MP: 3/3
   717 | D:2      | Found a faded altar of an unknown god.
  1068 | D:2      | Reached XP level 4. HP: 27/29 MP: 4/4
  1396 | D:3      | Reached skill level 4 in Shapeshifting
  1680 | D:3      | Noticed a scorpion
  1690 | D:3      | Killed a scorpion
  1691 | D:3      | Reached XP level 5. HP: 35/35 MP: 5/5
  1929 | D:4      | Noticed an ogre
  1932 | D:4      | Slain by an ogre

Illustrated notes

Levels and vault maps discovered:
D:1:      evilmike_arrival_plus, layout_basic
D:2:      layout_loops_ring, ebering_ecumenical_altar_petrified
D:3:      layout_basic
D:4:      cheibrodos_fertilizer, layout_loops_corners, serial_glass,
          glass_columns_b, glass_columns_b

Skill      XL: |  1  2  3  4 |
---------------+-------------+-----
Fighting       | 2 |  2.3
Shapeshifting  | 4 |  4.2
Dodging        | 3 |  3.0
Unarmed Combat | |  3.7

Action                     |  1- 3 |  4- 6 || total
---------------------------+-------+-------++-------
  Melee: Unarmed           |    52 |    35 ||    87
         Constrict         |    16 |     9 ||    25
         Tentacles         |     5 |     4 ||     9
         Punch             |     3 |       ||     3
    Use: Potion            |     3 |       ||     3
   Stab: Sleeping          |     6 |     5 ||    11
         Distracted        |     1 |       ||     1
 Armour: Skin              |    26 |    11 ||    37
  Dodge: Dodged            |    28 |    18 ||    46

Table legend: (Time is in decaauts)
 A = Elapsed time spent in this place.
 B = Non-inter-level travel time spent in this place.
 C = Inter-level travel time spent in this place.
 D = Time resting spent in this place.
 E = Time spent auto-exploring this place.
 F = Levels seen in this place.
 G = Mean time per level.
                   A        B        C        D        E       F      G
               +--------+--------+--------+--------+--------+-----+--------+
         Total |   1925 |   1888 |     37 |      0 |   1578 |   4 |  481.2 |
       Dungeon |   1925 |   1888 |     37 |      0 |   1578 |   4 |  481.2 |
               +--------+--------+--------+--------+--------+-----+--------+

Top non-repeatable levels by time:
     D:2: 662 daAuts
     D:3: 642 daAuts
     D:1: 617 daAuts
     D:4: 2 daAuts
